[Event "Early-Titled-Tuesday-Blitz-January-30-2024"]
[Site "Chess.com"]
[Date "2024.01.30"]
[Round "4"]
[White "HamedWafa4"]
[Black "crazy_but_lazy"]
[Result "0-1"]
[WhiteElo "2795"]
[BlackElo "2598"]
[TimeControl "180+1"]
[EndTime "8:41:07 PST"]
[Termination "crazy_but_lazy won by resignation"]

1. e4 e5 2. Nf3 Nc6 3. Bb5 a6 4. Ba4 Nf6 5. O-O b5 6. Bb3 Bc5 7. c3 d6 8. h3 Bb6 9. a4 Rb8 10. axb5 axb5 11. Na3 O-O 12. d3 h6 13. Nxb5 Ne7 14. Na3 Ng6 15. Nc4 Bc5 16. Be3 Bxe3 17. fxe3 Be6 18. Qc2 Qd7 19. Ba4 Qc8 20. b4 Nh5 21.
Na5 Rb6 22. Bb3 Kh7 23. Bxe6 Qxe6 24. Qf2 d5 25. Nh4 dxe4 26. dxe4 Nxh4 27. Qxh4 Qg6 28.
Rf3 Nf6 29. Rf5 Re6 30. Nc4 Rfe8 31. Raf1 Kg8 32. Nd2 Rd6 33. Nf3 Rde6 34. Rd1 Nh7 35. Qg4 Qxg4 36. hxg4 g6 37. Rd7 gxf5 38. exf5 Rc6 39.
Nd2 Nf6 40. c4 Nxd7 0-1

[Event "Early-Titled-Tuesday-Blitz-January-30-2024"]
[Site "Chess.com"]
[Date "2024.01.30"]
[Round "4"]
[White "ejalmedina"]
[Black "mr65"]
[Result "0-1"]
[WhiteElo "2299"]
[BlackElo "1917"]
[TimeControl "180+1"]
[EndTime "8:41:07 PST"]
[Termination "mr65 won on time"]

1. d4 Nf6 2. c4 c5 3. d5 e6 4. Nc3 exd5 5. cxd5 d6 6. e4 g6 7. h3 Bg7 8. Nf3 O-O 9. Bd3 Re8 10.
O-O c4 11. Bc2 Nbd7 12. Re1 Nc5 13. Bf4 b5 14. a3 a6 15. Qd2 Ra7 16. Nd4 Bb7 17.
Rad1 Ba8 18. Nc6 Bxc6 19. dxc6 Rae7 20. e5 Nh5 21. Bg5 Bxe5 22. Bxe7 Rxe7 23. Nd5 Re8 24. c7 Qc8 25. Bb1 Ne6 26. g3 Nxc7 27. Nxc7 Qxc7 28. f4 Qc5+ 29. Kh2 Nxg3 30. fxe5 Nf5 31. exd6 Rd8 32. d7 Rxd7 33. Re8+ Kg7 34. Qc3+ Kh6 0-1

[Event "Early-Titled-Tuesday-Blitz-January-30-2024"]
[Site "Chess.com"]
[Date "2024.01.30"]
[Round "4"]
[White "Grandelicious"]
[Black "chucksterf10"]
[Result "0-1"]
[WhiteElo "2904"]
[BlackElo "2612"]
[TimeControl "180+1"]
[EndTime "8:41:08 PST"]
[Termination "chucksterf10 won on time"]

1. Nf3 d5 2. e3 Nf6 3. c4 e6 4.
b3 dxc4 5. Bxc4 c5 6. O-O a6 7. Bb2 b5 8. Be2 Bb7 9. a4 b4 10. d3 Nbd7 11. e4 Be7 12. Nbd2 O-O 13. Nc4 Nb6 14.
Na5 Qc7 15. Nxb7 Qxb7 16. a5 Nc8 17. Nd2 Na7 18. Bf3 Rad8 19. Nc4 Nb5 20. Bxf6 gxf6 21. e5 Qc7 22. exf6 Bxf6 23. Rc1 Nd4 24. Be4 Bg7 25. g3 f5 26. Bg2 e5 27. Re1 Rfe8 28. Nb6 Kh8 29. Rb1 Re6 30. Qh5 Rde8 31. Nc4 e4 32.
dxe4 fxe4 33. Kh1 Qe7 34. Ne3 Re5 35. Qg4 Qe6 36. Qxe6 R5xe6 37. Nc4 Nf3 38. Red1 Bd4 39.
Rf1 Rh6 40. h4 Rg8 41. Rbd1 Nxh4 42. Bxe4 Nf5+ 43. Kg2 Nh4+ 0-1

[Event "Early-Titled-Tuesday-Blitz-January-30-2024"]
[Site "Chess.com"]
[Date "2024.01.30"]
[Round "4"]
[White "aistrel"]
[Black "Druid24"]
[Result "0-1"]
[WhiteElo "2513"]
[BlackElo "2717"]
[TimeControl "180+1"]
[EndTime "8:41:10 PST"]
[Termination "Druid24 won by resignation"]

1. d4 Nf6 2. Bf4 d5 3. e3 c5 4. Nc3 Nc6 5. Nb5 e5 6. Bxe5 Nxe5 7. dxe5 Nd7 8. Qxd5 Be7 9. Nd6+ Bxd6 10. Qxd6 Qe7 11. Nf3 Qxd6 12. exd6 f6 13. Bc4 b6 14. Bd5 Rb8 15. O-O-O Bb7 16. e4 Bxd5 17. Rxd5 Kf7 18. e5 Ke6 19. c4 Rhe8 20. Re1 Rbd8 21. exf6+ Kxf6 22. Re3 h6 23. g4 Rxe3 24. fxe3 Ke6 25. g5 Rf8 26. Nh4 Rf1+ 27. Kc2 Rf2+ 28. Rd2 Rxd2+ 29.
Kxd2 hxg5 30. Nf3 g4 31. Ng5+ Kxd6 32. b3 Ke5 33. Nf7+ Kf6 34. Nd6 Kg5 35. Ke2 Kh4 36. Kf2 Kh3 37. Kg1 Ne5 38. Ne4 Nf3+ 39. Kh1 Nxh2 40.
Nf2+ Kg3 41. Ne4+ Kf3 42. Ng5+ Kf2 43. Kxh2 g3+ 44. Kh3 g2 45. Kh4 Kxe3 46. Nh3 Kd2 47.
Kg3 Kc2 48. Kxg2 Kb2 49. Kf3 Kxa2 50. Ke3 Kxb3 51. Kd3 a5 52. Nf4 a4 53. Nd5 a3 54.
Nxb6 a2 55. Nd7 Kb4 56. Nxc5 Kxc5 0-1

[Event "Early-Titled-Tuesday-Blitz-January-30-2024"]
[Site "Chess.com"]
[Date "2024.01.30"]
[Round "4"]
[White "maciek_92"]
[Black "Logman74"]
[Result "1-0"]
[WhiteElo "2806"]
[BlackElo "2573"]
[TimeControl "180+1"]
[EndTime "8:41:11 PST"]
[Termination "maciek_92 won on time"]

1. d4 Nf6 2. Bg5 e6 3. e4 Be7 4. Bd3 d6 5. Nf3 h6 6. Bxf6 Bxf6 7. e5 Be7 8. Nbd2 b6 9. Qe2 Bb7 10. O-O-O Nd7 11. Kb1 dxe5 12. dxe5 Nc5 13. Bb5+ c6 14. Ne4 Qc8 15. Nxc5 Bxc5 16. Bd3 b5 17. Nd2 Be7 18. Ne4 O-O 19. f4 c5 20. Bxb5 Rb8 21. Bc4 Qc6 22.
Nd6 Qxg2 23. Qxg2 Bxg2 24. Rhg1 Bc6 25. f5 Bxd6 26. Rxd6 Bd5 27. Bxd5 exd5 28. f6 g6 29. Rxd5 Rfe8 30. Rxc5 Rb4 31. c4 Rb6 32. Rd1 Rbe6 33. b4 g5 34. Kb2 g4 35. a4 h5 36. Rd4 Rxe5 37. Rxe5 Rxe5 38. c5 Re2+ 39. Kc3 Rxh2 40. c6 Rh1 41. Rd2 Rc1+ 42. Rc2 Re1 43. c7 Re8 44. Rd2 g3 45. Rd8 g2 46. Rxe8+ 1-0

[Event "Early-Titled-Tuesday-Blitz-January-30-2024"]
[Site "Chess.com"]
[Date "2024.01.30"]
[Round "4"]
[White "GameOverBro"]
[Black "sofaceindisguise"]
[Result "0-1"]
[WhiteElo "2566"]
[BlackElo "2782"]
[TimeControl "180+1"]
[EndTime "8:41:11 PST"]
[Termination "sofaceindisguise won on time"]

1. e4 c5 2. Ne2 e6 3. Nbc3 a6 4. g3 b5 5. Bg2 Bb7 6. O-O h5 7.
h3 Nc6 8. d4 cxd4 9. Nxd4 Bc5 10. Nce2 Nf6 11. Nb3 Bb6 12. Bg5 Qc7 13. Bf4 Ne5 14. a4 bxa4 15. Rxa4 Rg8 16. Rb4 d6 17. Nc3 Nfd7 18. Qxh5 Bc6 19. Rd1 a5 20. Nb5 Bxb5 21. Rxb5 a4 22. Nd4 Bc5 23. Nxe6 Qc6 24. Nxg7+ Rxg7 25. Rxc5 Qxc5 26. Qh8+ Nf8 27. Qxg7 Rb8 28. Rxd6 Qxd6 29.
Bxe5 Qd1+ 30. Bf1 Rb6 31. Kg2 Qxc2 32. Qg4 Ng6 33. Bd4 Rb4 34. Bc3 Qxe4+ 35. Qxe4+ Rxe4 36. Bb5+ Kf8 37. h4 Ne7 38. h5 Nd5 39. Bd2 Rd4 40. Bh6+ Kg8 41. Kh3 Rb4 42. Bc6 Nf6 43. f4 Nxh5 44.
Bg5 f6 45. Bh4 Kg7 46. Bf3 Kh6 47. Bd1 Kg6 48. Bc2+ f5 49. Bg5 Nf6 50. Kg2 Ne4 51. Kh3 Nf2+ 52. Kh4 Ne4 53. g4 Rxb2 54. gxf5+ Kxf5 0-1

[Event "Early-Titled-Tuesday-Blitz-January-30-2024"]
[Site "Chess.com"]
[Date "2024.01.30"]
[Round "4"]
[White "Kostya0705"]
[Black "bubeliang"]
[Result "1-0"]
[WhiteElo "2580"]
[BlackElo "2760"]
[TimeControl "180+1"]
[EndTime "8:41:11 PST"]
[Termination "Kostya0705 won on time"]

1. e4 c6 2. d4 d5 3. e5 c5 4. dxc5 e6 5. Nf3 Bxc5 6. Bd3 Ne7 7. a3 Ng6 8. O-O Nc6 9. b4 Bb6 10. Re1 O-O 11. Bb2 Nf4 12. Bf1 a5 13. b5 Ne7 14.
g3 Nfg6 15. Nbd2 Nf5 16. a4 h5 17. c4 Bc5 18. Rc1 b6 19. cxd5 exd5 20. Bd3 h4 21.
Nb3 Bb4 22. Re2 d4 23. Nbxd4 Nxd4 24. Nxd4 Bb7 25. Nc6 Bxc6 26. bxc6 Rc8 27. Qb3 Bc5 28. Bxg6 Qg5 29. Be4 hxg3 30. hxg3 Rcd8 31. Kg2 Rd2 32. Rxd2 Qxd2 33. Rc2 Qe1 34. Qc4 Rc8 35. Bc3 Qd1 36.
Rd2 Qc1 37. Qa6 Rf8 38. Qd3 Bb4 39. Bxb4 axb4 40. Qd8 Qc4 41. Qd4 Qc1 42. Qxb4 g6 43. Rc2 Qd1 44. c7 Qd7 45. Qxb6 Kg7 46. Qf6+ Kg8 47.
Qd6 Qc8 48. a5 Kg7 49. Qf6+ Kg8 50. a6 Qg4 51. Qc6 Qc8 52. a7 Kg7 53. Qf6+ Kg8 54.
e6 1-0

[Event "Early-Titled-Tuesday-Blitz-January-30-2024"]
[Site "Chess.com"]
[Date "2024.01.30"]
[Round "4"]
[White "RandomNoob04"]
[Black "Szparu"]
[Result "0-1"]
[WhiteElo "2563"]
[BlackElo "2773"]
[TimeControl "180+1"]
[EndTime "8:41:11 PST"]
[Termination "Szparu won by resignation"]

1. e4 e6 2. d4 d5 3. exd5 exd5 4. Nf3 Nf6 5. Bd3 c5 6. O-O c4 7. Re1+ Be7 8. Bf1 O-O 9. b3 cxb3 10. axb3 Nc6 11.
Ne5 Ne4 12. Nxc6 bxc6 13. Bd3 Bb4 14. Nd2 Bc3 15. Rb1 f5 16. Nf3 Bxe1 17. Qxe1 a5 18. Ne5 Qe8 19. Ba3 Rf6 20. f3 Nd6 21. Nxc6 Qxc6 22.
Qe7 Re6 23. Qd8+ Qe8 24. Qh4 a4 25. bxa4 Ba6 26. Bxd6 Bxd3 27. Be5 Bxc2 28. Rb7 Rxe5 29. dxe5 Qxe5 30. h3 h6 31. Qf2 Bxa4 32. Qa2 Qe1+ 33.
Kh2 Qe5+ 34. f4 Qxf4+ 35. g3 Qe4 36. Qb2 d4 37. Qa2+ Kh7 38. Rb4 Qe3 39. Qb2 d3 40. Rd4 Qe2+ 41. Qxe2 dxe2 42. Re4 fxe4 0-1

[Event "Early-Titled-Tuesday-Blitz-January-30-2024"]
[Site "Chess.com"]
[Date "2024.01.30"]
[Round "4"]
[White "Arimin1329"]
[Black "Makswolf200817"]
[Result "0-1"]
[WhiteElo "2415"]
[BlackElo "2668"]
[TimeControl "180+1"]
[EndTime "8:41:11 PST"]
[Termination "Makswolf200817 won by resignation"]

1. Nf3 d5 2. g3 Bg4 3. Bg2 c6 4. O-O e6 5. d4 Nf6 6. c4 Be7 7. Qb3 Qb6 8. Qc2 Nbd7 9. c5 Qa6 10. Nc3 O-O 11. b4 b6 12. Bf4 Qc4 13. a3 bxc5 14.
bxc5 Bxf3 15. Bxf3 Qxd4 16. Rac1 Qxc5 17. Qa4 Nb6 18.
Qa6 Qxa3 19. Qb7 Nc4 20. Nb1 Qb4 21. Qxc6 a5 22. Nc3 Rfc8 23. Qa4 h6 24. Qa1 e5 25. Rb1 Qa3 26. Qxa3 Nxa3 27. Bxe5 Nxb1 28. Rxb1 Ra6 29. Rb7 Re6 30. Bd4 Rc4 31. e3 a4 32. Kg2 a3 33.
Nxd5 Bd8 34. Rb8 Rd6 35. Nxf6+ gxf6 36. Bb6 Rxb6 37. Rxd8+ Kg7 38. Be2 Ra4 39. Bd1 Ra5 0-1

[Event "Early-Titled-Tuesday-Blitz-January-30-2024"]
[Site "Chess.com"]
[Date "2024.01.30"]
[Round "4"]
[White "Chessdreamer2020"]
[Black "Nikolakis2014"]
[Result "0-1"]
[WhiteElo "2557"]
[BlackElo "2760"]
[TimeControl "180+1"]
[EndTime "8:41:13 PST"]
[Termination "Nikolakis2014 won by resignation"]

1. d4 d5 2. Nc3 Nf6 3. Bf4 c5 4. e4 Nxe4 5. Nxe4 dxe4 6. d5 Nd7 7.
Ne2 Nf6 8. Nc3 a6 9. a4 g6 10. h4 Bg7 11. Qd2 Bg4 12. Bc4 O-O 13. Bh6 b5 14. Bxg7 Kxg7 15. axb5 axb5 16. Rxa8 Qxa8 17. Bxb5 Qa1+ 18. Nd1 e3 19. fxe3 Ne4 20. Qd3 Qxd1+ 21. Qxd1 Bxd1 22. Bd3 Bxc2 23. Bxc2 Nd6 24. b3 Ra8 25.
Kd2 Ra2 26. Kc3 Kf6 27. h5 Ke5 28. hxg6 hxg6 29. e4 Nxe4+ 30. Bxe4 Kxe4 31. Re1+ Kxd5 32. Rxe7 f5 33. g4 f4 34. g5 Rg2 35. Rf7 Ke4 36.
Re7+ Kf5 37. Kc4 Kxg5 38. Kxc5 Kg4 39. Kd4 Rb2 40. Kc3 Rb1 41. Kc2 Rh1 42. b4 g5 43.
b5 Rh6 44. Rb7 Kf3 45. b6 g4 46. Rb8 g3 47. b7 Rb6 0-1

[Event "Early-Titled-Tuesday-Blitz-January-30-2024"]
[Site "Chess.com"]
[Date "2024.01.30"]
[Round "4"]
[White "NewYearGirl"]
[Black "FM_VS99"]
[Result "0-1"]
[WhiteElo "2365"]
[BlackElo "2553"]
[TimeControl "180+1"]
[EndTime "8:41:13 PST"]
[Termination "FM_VS99 won by resignation"]

1. e4 c5 2. Nf3 g6 3. c4 Bg7 4. d4 cxd4 5. Nxd4 Nc6 6. Be3 Nf6 7. Nc3 O-O 8. Be2 d6 9. O-O Bd7 10. Rc1 Nxd4 11. Bxd4 Bc6 12. f3 a5 13. b3 Nd7 14.
Bxg7 Kxg7 15. Qd4+ Kg8 16. Nd5 Bxd5 17. cxd5 Rc8 18. f4 Nc5 19. e5 Qb6 20. Rc4 Nd7 21.
Qxb6 Nxb6 22. Rxc8 Rxc8 23. Bf3 Rc2 24. Rf2 Rc3 25. Re2 Kf8 26. Rd2 Nd7 27. e6 fxe6 28.
dxe6 Nc5 29. Bd5 b5 30. g3 Kg7 31. Kf2 Kf6 32. Re2 a4 33. b4 Nd3+ 34. Ke3 Nc1+ 35. Kd2 Nxe2 36. Kxe2 Rc2+ 37. Kd3 Rxh2 38. a3 Rh3 39. Bc6 Rxg3+ 0-1

[Event "Early-Titled-Tuesday-Blitz-January-30-2024"]
[Site "Chess.com"]
[Date "2024.01.30"]
[Round "4"]
[White "WhiteKnight2612"]
[Black "maximnovik"]
[Result "1-0"]
[WhiteElo "2831"]
[BlackElo "2588"]
[TimeControl "180+1"]
[EndTime "8:41:14 PST"]
[Termination "WhiteKnight2612 won on time"]

1. Nf3 Nf6 2. g3 g6 3. Bg2 d5 4.
O-O Bg7 5. d3 O-O 6. Nc3 c5 7.
e4 e6 8. h4 d4 9. Ne2 Nc6 10. a4 e5 11. Nd2 Rb8 12. Nc4 b6 13.
f4 Ng4 14. f5 Ba6 15. Bh3 Nf6 16.
b3 Bxc4 17. bxc4 Nd7 18. Bg5 Bf6 19. Bh6 Bg7 20. Qd2 Bxh6 21. Qxh6 Nf6 22. g4 Kh8 23.
Qd2 Nd7 24. g5 f6 25. fxg6 hxg6 26. gxf6 Nxf6 27. Qh6+ Nh7 28. Ng3 Qe7 29. Kh2 Qg7 30.
Qd2 Nf6 31. Rg1 Qh7 32. Qg5 Rb7 33. Raf1 Rbf7 34. Be6 Kg7 35. Nf5+ Kh8 36. Bxf7 Rxf7 37. Nd6 Rf8 38. Rxf6 Rxf6 39. Qxf6+ 1-0

[Event "Early-Titled-Tuesday-Blitz-January-30-2024"]
[Site "Chess.com"]
[Date "2024.01.30"]
[Round "4"]
[White "blitzking1729"]
[Black "MalyDominator"]
[Result "1-0"]
[WhiteElo "2706"]
[BlackElo "2491"]
[TimeControl "180+1"]
[EndTime "8:41:14 PST"]
[Termination "blitzking1729 won by resignation"]

1. c4 e6 2. Nf3 d5 3. e3 Nf6 4. Nc3 Be7 5. b3 O-O 6. Bb2 c5 7. cxd5 exd5 8. d4 Nc6 9. Bb5 Bg4 10. Bxc6 bxc6 11. dxc5 Bxc5 12. O-O Qe7 13. h3 Bh5 14. Rc1 Bd6 15. Ne2 Bxf3 16. gxf3 Rac8 17. f4 Qe6 18. Kh2 Ne4 19. Rg1 f6 20. Nd4 Qd7 21. Rg2 c5 22. Ne2 Bb8 23. Ng3 Nxg3 24. Rxg3 d4 25. Qf3 Qf5 26. Rcg1 Rf7 27. Bc1 Re8 28. Qc6 Qe4 29.
Qxc5 d3 30. Bd2 h5 31. Qxh5 Rc8 32. Rxg7+ Rxg7 33. Rxg7+ Kxg7 34. Qg4+ Kh7 35. Qxc8 Qf3 36. Qf5+ Kg7 37. Qg4+ 1-0

[Event "Early-Titled-Tuesday-Blitz-January-30-2024"]
[Site "Chess.com"]
[Date "2024.01.30"]
[Round "4"]
[White "brm72"]
[Black "LiadCuba"]
[Result "1-0"]
[WhiteElo "2688"]
[BlackElo "2447"]
[TimeControl "180+1"]
[EndTime "8:41:14 PST"]
[Termination "brm72 won on time"]

1. e4 c5 2. Nf3 d6 3. d4 cxd4 4. Nxd4 Nf6 5. Nc3 a6 6. f3 e5 7.
Nb3 Be7 8. Be3 Be6 9. Qd2 O-O 10. O-O-O Nbd7 11. g4 b5 12. g5 b4 13. Ne2 Ne8 14.
f4 g6 15. f5 gxf5 16. exf5 Bxf5 17. Ng3 Bg6 18. h4 Rc8 19. Bd3 Ng7 20. Kb1 a5 21. h5 Bxd3 22. Qxd3 Bxg5 23. Bxg5 Qxg5 24. h6 Ne6 25. Rdg1 Kh8 26. Qxd6 a4 27. Nc1 b3 28.
cxb3 Rfd8 29. bxa4 Ndc5 30. Qb6 Nxa4 31. Qb3 Nec5 32.
Qxf7 Rd2 33. Nf5 Rxb2+ 34. Ka1 Rxa2+ 35. Nxa2 Nb3+ 36. Qxb3 Qxf5 37. Qxa4 Qf6 38. Qb3 e4+ 39. Qb2 Rf8 40. Rf1 1-0

[Event "Early-Titled-Tuesday-Blitz-January-30-2024"]
[Site "Chess.com"]
[Date "2024.01.30"]
[Round "4"]
[White "BogdanDeac"]
[Black "KuzubovYuriy"]
[Result "1/2-1/2"]
[WhiteElo "3089"]
[BlackElo "2889"]
[TimeControl "180+1"]
[EndTime "8:41:15 PST"]
[Termination "Game drawn by agreement"]

1. e4 e6 2. d4 d5 3. Nc3 Bb4 4. exd5 exd5 5. Bd3 Ne7 6. Nf3 O-O 7. O-O Nbc6 8. h3 Bf5 9. Ne2 Bd6 10. c3 Re8 11.
Bf4 Be4 12. Bxd6 Qxd6 13. Ng3 Bxd3 14. Qxd3 Qg6 15. Qb5 Rab8 16. Rfe1 a6 17. Qe2 Kf8 18. Ne5 Nxe5 19. Qxe5 Qc6 20. Nh5 f6 21. Qg3 Nf5 22. Qf3 Qd7 23. Qg4 Rxe1+ 24. Rxe1 Rd8 25. Nf4 Re8 26.
Rxe8+ Kxe8 27. Nd3 b6 28. Qh5+ g6 29. Qf3 Qb5 30.
b3 Kf7 31. g3 a5 32. Nf4 Ne7 33. h4 Qd7 34. Qe3 Qf5 35. Qe2 g5 36. hxg5 fxg5 37. Nd3 Ng6 38. f3 h5 39. Qe3 h4 40.
Kg2 hxg3 41. Kxg3 Kf6 42. Nf2 Qf4+ 43. Qxf4+ Nxf4 44. Ng4+ Ke6 45. Kf2 Nd3+ 46. Ke3 Nf4 47. Kd2 1/2-1/2

[Event "Early-Titled-Tuesday-Blitz-January-30-2024"]
[Site "Chess.com"]
[Date "2024.01.30"]
[Round "4"]
[White "RichardLeyvaP"]
[Black "djano"]
[Result "1-0"]
[WhiteElo "2521"]
[BlackElo "2698"]
[TimeControl "180+1"]
[EndTime "8:41:16 PST"]
[Termination "RichardLeyvaP won by resignation"]

1. e4 c5 2. Nf3 Nc6 3. d4 cxd4 4. Nxd4 g6 5. Be2 Bg7 6. Nb3 Nf6 7. Nc3 O-O 8. O-O d6 9. Re1 b6 10. Bf1 Bb7 11. Nd5 Nd7 12. c3 e6 13. Ne3 Nc5 14. f3 Qc7 15. Ng4 h5 16. Nf2 Rad8 17. Bg5 Rd7 18. Qc1 Kh7 19. Bf4 Ne5 20. Nd4 a6 21.
Qd2 b5 22. Rad1 Ba8 23. Qc1 Qb6 24. Be3 Qb8 25. Nb3 Na4 26. Nd2 Rc8 27. Qb1 Nb6 28. Bd4 Bh6 29. Be3 Bg7 30. Bd4 g5 31. Nb3 Nbc4 32.
Nd2 Bh6 33. Nd3 g4 34. Nxc4 Nxc4 35. fxg4 e5 36. Bf2 hxg4 37. b3 Nd2 38. Qb2 Nxe4 39. Nxe5 Nxf2 40. Qxf2 Re7 41. Qf5+ Kg8 42. Nxg4 Qa7+ 43.
Kh1 Rxe1 44. Nxh6+ Kg7 45. Rxe1 Kxh6 46. Qf6+ Kh7 47.
Bd3+ Kg8 48. Qg5+ Kf8 49. Qh6+ 1-0

[Event "Early-Titled-Tuesday-Blitz-January-30-2024"]
[Site "Chess.com"]
[Date "2024.01.30"]
[Round "4"]
[White "Dinamo3"]
[Black "manitodeplomo"]
[Result "1-0"]
[WhiteElo "2495"]
[BlackElo "2686"]
[TimeControl "180+1"]
[EndTime "8:41:16 PST"]
[Termination "Dinamo3 won on time"]

1. c4 g6 2. g3 Bg7 3. Bg2 e5 4. Nc3 Ne7 5. d3 O-O 6. e3 c6 7. e4 d6 8. Nge2 Be6 9. O-O d5 10. exd5 cxd5 11. d4 Nbc6 12. Bg5 f6 13. Be3 exd4 14. Nxd4 Nxd4 15. Bxd4 dxc4 16. Re1 Bf7 17. Bc5 Qxd1 18. Raxd1 Nc6 19. Bxf8 Bxf8 20. Rd7 Ne5 21. Rxb7 Rd8 22. Rxa7 Rd2 23. Ne4 Rxb2 24. Nxf6+ Kg7 25. Ne8+ Kg8 26. Rxe5 c3 27. Rc7 c2 28. Bf1 Rxa2 29. Kg2 Ba3 30. Nf6+ Kg7 31. Ne8+ Kf8 32. Re1 Bxe8 33. Rc8 c1=Q 34. Rcxe8+ Kf7 35. Rxc1 Kxe8 36.
Rc7 h5 37. Bb5+ 1-0

[Event "Early-Titled-Tuesday-Blitz-January-30-2024"]
[Site "Chess.com"]
[Date "2024.01.30"]
[Round "4"]
[White "Perecke"]
[Black "Gabrielian_Artur"]
[Result "0-1"]
[WhiteElo "2558"]
[BlackElo "2761"]
[TimeControl "180+1"]
[EndTime "8:41:18 PST"]
[Termination "Gabrielian_Artur won on time"]

1. e4 c5 2. Nf3 d6 3. d4 Nf6 4. Nc3 cxd4 5. Nxd4 Nc6 6. Bg5 Bd7 7. Qd2 Rc8 8. f4 Nxd4 9. Qxd4 Qb6 10. Qxb6 axb6 11. Bxf6 gxf6 12. O-O-O f5 13. e5 dxe5 14. Nd5 Bc6 15.
Nxb6 Rd8 16. Rxd8+ Kxd8 17. fxe5 Bh6+ 18. Kd1 Kc7 19. Nc4 b5 20. Nd2 Rd8 21. Bd3 Bxg2 22. Rg1 Bc6 23. Ke2 e6 24. Nf3 b4 25. Rg3 Bc1 26. b3 Bb2 27. Rg7 Rd7 28. Rxh7 Bxf3+ 29. Kxf3 Bxe5 30. Bb5 Re7 31. Rh4 Bc3 32. Bc4 Kd6 33. Rh7 Ra7 34. Bd3 Ke5 35. h4 Kf6 36. Kf4 Bd2+ 37. Kf3 Rxa2 38. Rh8 e5 39. Ke2 Bc3 40.
Bc4 e4 41. Kd1 f4 42. Rh6+ Ke5 0-1

[Event "Early-Titled-Tuesday-Blitz-January-30-2024"]
[Site "Chess.com"]
[Date "2024.01.30"]
[Round "4"]
[White "whitemirrorninja"]
[Black "pirulillo"]
[Result "0-1"]
[WhiteElo "2487"]
[BlackElo "2278"]
[TimeControl "180+1"]
[EndTime "8:41:18 PST"]
[Termination "pirulillo won by checkmate"]

1. d4 Nf6 2. c4 g6 3. Bf4 Bg7 4. e3 d6 5. Nc3 O-O 6. Nf3 c5 7. dxc5 dxc5 8. Qxd8 Rxd8 9. h3 Nc6 10. Be2 Bf5 11. O-O Ne4 12. Na4 b6 13. Rad1 e5 14.
Bh2 f6 15. Rd5 Be6 16. Rxd8+ Rxd8 17. b3 Nb4 18. Ra1 Rd7 19. a3 Nd3 20. Bxd3 Rxd3 21. Rb1 Bf8 22. Kf1 Bd7 23. Ke2 Rd6 24. Rc1 Be7 25. Nb2 Bf5 26. g4 Bc8 27. Nd1 h5 28. gxh5 Bxh3 29. hxg6 Bg4 30. Rc2 Kg7 31. Nc3 Ng5 32.
Nd5 Nxf3 33. Bg3 Bd8 34. Kd3 Kxg6 35. e4 Nd4 36. Rc1 f5 37. Rg1 fxe4+ 38. Ke3 Bg5+ 39.
Kxe4 Bf5+ 40. Kxe5 Re6# 0-1

[Event "Early-Titled-Tuesday-Blitz-January-30-2024"]
[Site "Chess.com"]
[Date "2024.01.30"]
[Round "4"]
[White "viktorskliarov"]
[Black "VomDingJetztHer"]
[Result "0-1"]
[WhiteElo "2667"]
[BlackElo "2451"]
[TimeControl "180+1"]
[EndTime "8:41:19 PST"]
[Termination "VomDingJetztHer won on time"]

1. e4 a6 2. d4 c6 3. Nc3 d5 4. e5 Bf5 5. Nf3 e6 6. Be2 h6 7. O-O Nd7 8. Re1 Ne7 9. h3 g5 10. g4 Bg6 11. Be3 Bg7 12. Qd2 Qc7 13. Nd1 c5 14. c3 Be4 15. b4 c4 16. Nh2 O-O-O 17. f3 Bg6 18. f4 gxf4 19. Bxf4 h5 20. g5 b6 21. a4 Kb7 22. h4 Nf5 23. Nf3 Bf8 24.
Nf2 Be7 25. Bd1 Ng7 26. Bc2 Bxc2 27. Qxc2 Nf8 28. Kg2 Ng6 29. Bh2 Nf5 30. Kh3 Rdg8 31. Rg1 Qd8 32. Raf1 Ne3 33. Qe2 Nxf1 34. Qxf1 Qd7 35.
Qe2 Qxa4 36. Qe3 Qd7 37. Nd2 Ra8 38. Nf1 a5 39. bxa5 bxa5 40. Ng3 a4 41. Ra1 a3 42.
Qf3 Bd8 43. Nxh5 Bxg5 44. Bg3 Bxh4 45. Bxh4 Rxh5 46. Qxh5 Nf4+ 47. Kg4 Nxh5 48. Kxh5 a2 49. Bf6 Qb5 0-1

[Event "Early-Titled-Tuesday-Blitz-January-30-2024"]
[Site "Chess.com"]
[Date "2024.01.30"]
[Round "4"]
[White "KIEV-1"]
[Black "MKlose11"]
[Result "0-1"]
[WhiteElo "2247"]
[BlackElo "2647"]
[TimeControl "180+1"]
[EndTime "8:41:19 PST"]
[Termination "MKlose11 won by resignation"]

1. e4 e6 2. d4 d5 3. Nc3 Bb4 4.
a3 Bxc3+ 5. bxc3 dxe4 6. Qg4 Nf6 7. Qxg7 Rg8 8. Qh6 Rg6 9. Qh4 b6 10. Bg5 Bb7 11. Ne2 h6 12. Bxh6 Nd5 13. Qxd8+ Kxd8 14.
Bd2 Nd7 15. Nf4 Nxf4 16. Bxf4 Nf6 17. Be3 Kd7 18. c4 Rh8 19. h4 Ng4 20. Kd2 f5 21. g3 Nxf2 22. Rg1 Ng4 23. Be2 Nxe3 24. Kxe3 Rhg8 25.
Kf4 Ke7 26. a4 Rd8 27. c3 c5 28. Rad1 Kf6 29. dxc5 Rxd1 30. Rxd1 e5+ 31. Ke3 Rxg3+ 32. Kf2 Rxc3 33. cxb6 e3+ 34. Ke1 axb6 35. Rd6+ Ke7 36.
Rd3 Rc1+ 37. Rd1 Rxd1+ 38. Kxd1 f4 39. c5 bxc5 40. a5 f3 41. Bd3 f2 42. Ke2 Bg2 43.
Kxe3 f1=Q 44. Bxf1 Bxf1 45. Ke4 Ke6 46. h5 Bg2+ 47. Ke3 Bd5 48. h6 Kf6 49. a6 Kg6 50.
Kd3 Kxh6 51. a7 Kg5 0-1

[Event "Early-Titled-Tuesday-Blitz-January-30-2024"]
[Site "Chess.com"]
[Date "2024.01.30"]
[Round "4"]
[White "RantomOpening"]
[Black "GMJustin"]
[Result "0-1"]
[WhiteElo "2503"]
[BlackElo "2326"]
[TimeControl "180+1"]
[EndTime "8:41:19 PST"]
[Termination "GMJustin won by resignation"]

1. c4 Nf6 2. Nf3 a6 3. Nc3 c5 4. e3 e6 5. d4 d5 6. cxd5 exd5 7. dxc5 Bxc5 8. Be2 O-O 9. O-O Nc6 10. b3 d4 11.
exd4 Nxd4 12. Nxd4 Bxd4 13. Bb2 Ne4 14. Qc2 Bf5 15.
Nxe4 Bxb2 16. Qxb2 Bxe4 17. Rad1 Qg5 18. f3 Bc6 19. Qd2 Qxd2 20. Rxd2 Rfd8 21. Rfd1 Rxd2 22. Rxd2 Kf8 23. Kf2 Ke7 24. Bc4 f6 25. Bd3 Rd8 26. Re2+ Kf7 27. Bc4+ Kf8 28. Rc2 a5 29. Ke3 Ke7 30.
Bd3 h6 31. Rc5 Rd5 32. Rc3 Re5+ 33. Kf2 Kd6 34. Bc2 Rc5 35. Rd3+ Ke5 36. Bd1 Rc1 37.
Rd2 g5 38. Be2 h5 39. Bc4 h4 40. h3 Ra1 41. a4 Rc1 42. Ke3 Rc3+ 43. Kf2 Bxa4 44. Re2+ Kd4 45. Rd2+ Kc5 46. Rd5+ Kb4 47. bxa4 Rxc4 48. Rb5+ Kxa4 49. Rxb7 Rb4 50. Rf7 Kb3 51.
f4 Rxf4+ 52. Ke3 a4 53. Rb7+ Rb4 54. Rd7 a3 55. Kd2 a2 56. Rd3+ Kb2 57. Rd4 Rxd4+ 58. Ke3 Rf4 0-1

[Event "Early-Titled-Tuesday-Blitz-January-30-2024"]
[Site "Chess.com"]
[Date "2024.01.30"]
[Round "4"]
[White "Felix-Rose"]
[Black "agvega14"]
[Result "0-1"]
[WhiteElo "2363"]
[BlackElo "2159"]
[TimeControl "180+1"]
[EndTime "8:41:20 PST"]
[Termination "agvega14 won on time"]

1. e4 c5 2. Nf3 a6 3. Nc3 e6 4. d4 cxd4 5. Nxd4 Qc7 6. Bd3 Nf6 7. O-O Bc5 8. Nb3 Ba7 9. Qe2 d6 10. Be3 Nc6 11. Bxa7 Rxa7 12. Rad1 Ra8 13. Rd2 O-O 14. Rfd1 b5 15. a3 Bb7 16. h3 Rfd8 17. Qe3 d5 18.
exd5 Nxd5 19. Nxd5 Rxd5 20. Be4 Rxd2 21. Rxd2 Nd8 22.
Bxb7 Nxb7 23. g3 Nd6 24. Qf3 Rc8 25. c3 Nc4 26. Re2 Rd8 27. Nd4 Qc5 28. Kg2 g6 29.
Nc6 Re8 30. Nb4 a5 31. Nd3 Qc7 32. Qe4 Nd6 33. Qe5 Qe7 34. Nf4 b4 35. cxb4 axb4 36. axb4 Qb7+ 37. Kh2 Qxb4 0-1

[Event "Early-Titled-Tuesday-Blitz-January-30-2024"]
[Site "Chess.com"]
[Date "2024.01.30"]
[Round "4"]
[White "ri4mi"]
[Black "ChessQueen"]
[Result "0-1"]
[WhiteElo "2542"]
[BlackElo "2738"]
[TimeControl "180+1"]
[EndTime "8:41:21 PST"]
[Termination "ChessQueen won by resignation"]

1. e4 c6 2. d4 d5 3. e5 c5 4. Nf3 Nc6 5. dxc5 e6 6. Be3 Nge7 7. c3 Ng6 8. Bd4 Qc7 9. Bb5 Be7 10. O-O O-O 11.
Re1 f6 12. exf6 gxf6 13. b4 e5 14. Be3 Be6 15. Ba4 Kh8 16. Bb3 Rad8 17. Bh6 Rg8 18. Nbd2 Bg4 19. h3 Bxh3 20. gxh3 Nf4+ 21. Kf1 Nxh3 22.
Ke2 e4 23. Nd4 Nxd4+ 24. cxd4 Rg2 25. Rf1 Qg3 26. Be3 f5 27. Ke1 Qh4 28. Nf3 exf3 29. Qxf3 f4 30. Bd2 Rg5 31. Kd1 Bf6 32. Kc2 Bxd4 33.
Rh1 Rh5 34. Rae1 Qf6 35. Rxh3 Qf5+ 36. Qd3 Qxh3 37. Qxd4+ Kg8 38. Rg1+ Kf7 39. Rg7+ Ke6 40. Qe4+ Kf6 41. Bc3+ Qxc3+ 42. Kxc3 dxe4 43. Rxb7 Rh3+ 44. Kc4 e3 45. fxe3 fxe3 46. Bd1 Rxd1 0-1